 Dungeon Crawl Stone Soup version 0.27-a0-1287-gca74d27db6 (webtiles) character file.

Game seed: 15222328434681521006

47 bande the Shield-Bearer (level 3, -1/24 HPs)
             Began as a Gargoyle Fighter on June 14, 2021.
             Slain by an adder (2 damage)
             ... on level 2 of the Dungeon.
             The game lasted 00:01:36 (1231 turns).

bande the Shield-Bearer (Gargoyle Fighter)          Turns: 1231, Time: 00:01:37

Health: -1/24      AC: 10    Str: 19    XL:     3   Next: 70%
Magic:  3/3        EV:  7    Int:  8    God:
Gold:   26         SH:  9    Dex: 10    Spells: 2/2 levels left

rFire    . . .     SeeInvis .   a - +0 war axe
rCold    . . .     Faith    .   c - +0 kite shield
rNeg     + . .     Spirit   .   b - +0 scale mail
rPois    ∞         Reflect  .   (no helmet)
rElec    +         Harm     .   (no cloak)
rCorr    .         Rampage  .   (no gloves)
Will     .....                  (no boots)
Stlth    ..........             (no amulet)
HPRegen  0.08/turn              (no ring)
MPRegen  0.08/turn              (no ring)

@: no status effects
A: sickness immunity, AC +3, negative energy resistance 1, electricity
resistance, torment resistance 1, petrification resistance
a: no special abilities


You were on level 2 of the Dungeon.
You visited 1 branch of the dungeon, and saw 2 of its levels.

You collected 26 gold pieces.

Inventory:

Hand Weapons
 a - a +0 war axe (weapon)
Armour
 b - a +0 scale mail (worn)
 c - a +0 kite shield (worn)
Scrolls
 f - a scroll of magic mapping {unknown}
 g - a scroll of acquirement {unknown}
Potions
 d - a potion of might
 e - a potion of curing {unknown}


   Skills:
 + Level 3.7 Fighting
 + Level 2.3 Axes
 + Level 3.7 Armour
 + Level 0.1 Dodging
 + Level 3.7 Shields


You had 2 spell levels left.
You didn't know any spells.
Your spell library was empty.

Dungeon Overview and Level Annotations

Branches:
Dungeon (2/15)

Altars:


Innate Abilities, Weirdness & Mutations

You are immune to sickness and miasma.
Your stone body is resilient. (AC +3)
You are immune to poison.
You resist negative energy. (rN+)
You are resistant to electric shocks. (rElec)
You are resistant to unholy torment.
You are immune to petrification.


Message History

* * * LOW HITPOINT WARNING * * *
x2 The ball python constricts you.
The adder bites you but does no damage. You block the ball python's attack.
The ball python constricts you. The adder barely misses you.
You have reached level 3!
Your experience leads to an increase in your attributes!
Increase (S)trength, (I)ntelligence, or (D)exterity?
You feel agile.
Unknown command.
You barely miss the ball python.
The ball python is moderately wounded.
You closely miss the adder. The adder bites you but does no damage.
You block the ball python's attack. The ball python constricts you.
You block the ball python's attack.
* * * LOW HITPOINT WARNING * * *
The ball python constricts you. The adder bites you but does no damage.
You closely miss the ball python.
The ball python is moderately wounded.
You miss the adder. You block the adder's attack.
The ball python closely misses you. The ball python constricts you.
The adder barely misses you.
The ball python bites you but does no damage.
The ball python constricts you.
You hit the ball python but do no damage.
The ball python is moderately wounded.
You hit the adder. You block the adder's attack.
The ball python bites you but does no damage.
The ball python constricts you. You block the adder's attack.
The ball python closely misses you. The ball python constricts you.
Unknown command.
You slash the ball python!
You kill the ball python!
Your shield and scale mail prevent you from hitting the adder.
The adder closely misses you. x2
The adder bites you but does no damage.
You miss the adder.
The adder is almost dead.
The adder completely misses you. You block the adder's attack.
The adder bites you.
You die...

#...##.## ## #.....>.#
#... ..
#.......###...## #.
##..............# #.
................. #.
#........#.....#### ##.
#.....S).#....# #.. ..
#.....@......# #.# #.
####..##.###.####.####<
#....!# #...##.#....
##.##.###........... #.
#....##.##.#...# #.
#..........##.##
.....#.#.....###.#
...######.#.#.###.# ##
#.#.......#


You could see an adder.

Vanquished Creatures
  Jessica (D:2)
  3 ball pythons
  3 bats (D:1)
  2 endoplasms (D:1)
  2 hobgoblins (D:1)
  2 jackals (D:1)
  2 kobolds (D:1)
  A frilled lizard (D:1)
  A goblin (D:1)
  3 rats
20 creatures vanquished.

Notes
Turn   | Place    | Note
-------+----------+-------------------------------------------
     0 | D:1      | bande the Gargoyle Fighter began the quest for the Orb.
     0 | D:1      | Reached XP level 1. HP: 14/14 MP: 1/1
   142 | D:1      | Reached XP level 2. HP: 19/19 MP: 2/2
   176 | D:1      | Found a faded altar of an unknown god.
  1218 | D:2      | Noticed Jessica
  1225 | D:2      | Killed Jessica
  1226 | D:2      | Reached XP level 3. HP: 2/24 MP: 3/3
  1226 | D:2      | HP: 1/24 [ball python (1)]
  1231 | D:2      | Slain by an adder

Illustrated notes

Levels and vault maps discovered:
D:1:      grunt_arrival_crossed_arrows, layout_loops_ring,
          shapermc_ecumenical_altar_starsandcircs
D:2:      layout_loops_ring, basic_altar, grunt_ministairs_8,
          minmay_increasing_density, uniq_jessica

Skill      XL: |  1  2 |
---------------+-------+-----
Axes           | 2 |  2.3
Fighting       | |  3.7
Armour         | |  3.7
Dodging        | |  0.1
Shields        | |  3.7

Action                   || total
-------------------------++-------
Melee: War axe           ||    60
Armor: Scale mail        ||    43
Dodge: Dodged            ||    29
Block: Kite shield       ||    34

Table legend: (Time is in decaauts)
 A = Elapsed time spent in this place.
 B = Non-inter-level travel time spent in this place.
 C = Inter-level travel time spent in this place.
 D = Time resting spent in this place.
 E = Time spent auto-exploring this place.
 F = Levels seen in this place.
 G = Mean time per level.
                   A        B        C        D        E       F      G
               +--------+--------+--------+--------+--------+-----+--------+
         Total |   1268 |   1268 |      0 |    284 |    764 |   2 |  634.0 |
       Dungeon |   1268 |   1268 |      0 |    284 |    764 |   2 |  634.0 |
               +--------+--------+--------+--------+--------+-----+--------+

Top non-repeatable levels by time:
     D:1: 1192 daAuts
     D:2: 76 daAuts
